 Dungeon Crawl Stone Soup version 0.27.1-3-gb3d3a73c9e (webtiles) character file.

Game seed: 14473430554758861731

406 unlimited1921 the Vexing (level 6, -6/47 HPs)
             Began as a Gnoll Arcane Marksman on Oct 26, 2021.
             Mangled by Grinder (7 damage)
             ... while paralysed by Grinder
             ... on level 4 of the Dungeon on Oct 28, 2021.
             The game lasted 00:29:07 (6195 turns).

unlimited1921 the Vexing (Gnoll Arcane Marksman)    Turns: 6195, Time: 00:29:08

Health: -6/47      AC:  3    Str:  9    XL:     6   Next: 87%
Magic:  0/11       EV:  2    Int: 14    God:
Gold:   170        SH:  0    Dex: 13    Spells: 4/12 levels left

rFire    + . .     SeeInvis .   s - +1 hunting sling (flame)
rCold    + . .     Faith    .   (no shield)
rNeg     . . .     Spirit   +   f - +0 leather armour
rPois    +         Reflect  .   (no helmet)
rElec    +         Harm     .   (no cloak)
rCorr    +         Rampage  .   (no gloves)
Will     .....                  (no boots)
Stlth    ++........             t - amulet of guardian spirit
HPRegen  0.15/turn              (no ring)
MPRegen  0.12/turn              (no ring)

@: paralysed, resistant, attractive, hasted
A: fangs 1, strong nose, distributed training
a: no special abilities


You were on level 4 of the Dungeon.
You visited 1 branch of the dungeon, and saw 4 of its levels.

You collected 170 gold pieces.

Inventory:

Hand Weapons
 a - a +0 hand crossbow
 g - a +0 whip
 n - a +0 quarterstaff
 s - a +1 hunting sling of flaming (weapon)
 y - a +0 whip
 C - a +0 rapier
 F - a +0 spear
 G - a +0 dagger
Missiles
 c - 6 bolts
 u - 8 boomerangs
 x - 6 curare-tipped darts
 D - 6 arrows
 E - 4 stones (quivered ammo)
Armour
 d - a +0 robe
 f - a +0 leather armour (worn)
 i - a +0 buckler
 m - a +2 robe of positive energy
 r - a +0 chain mail
 z - a +0 leather armour
 A - a +0 ring mail
 B - a +0 scale mail
Jewellery
 t - an amulet of guardian spirit (around neck)
Scrolls
 b - a scroll of fog {unknown}
 e - a scroll of amnesia {unknown}
 k - a scroll of summoning {unknown}
 l - 2 scrolls of noise {unknown}
 p - a scroll of identify {unknown}
 w - a scroll of blinking {unknown}


   Skills:
 + Level 3.3 Fighting
 + Level 2.1 Short Blades
 + Level 2.1 Long Blades
 + Level 2.1 Axes
 + Level 2.1 Maces & Flails
 + Level 2.1 Polearms
 + Level 2.1 Staves
 + Level 2.1 Slings
 + Level 2.1 Bows
 + Level 5.0 Crossbows
 + Level 2.1 Throwing
 + Level 2.1 Armour
 + Level 5.0 Dodging
 + Level 2.1 Stealth
 + Level 2.1 Shields
 + Level 2.1 Unarmed Combat
 + Level 3.5 Spellcasting
 + Level 1.7 Conjurations
 + Level 5.7 Hexes
 + Level 1.7 Summonings
 + Level 1.7 Necromancy
 + Level 1.7 Translocations
 + Level 1.7 Transmutations
 + Level 1.7 Fire Magic
 + Level 1.7 Ice Magic
 + Level 1.7 Air Magic
 + Level 1.7 Earth Magic
 + Level 1.7 Poison Magic
 + Level 2.3 Invocations
 + Level 2.1 Evocations


You had 4 spell levels left.
You knew the following spells:

 Your Spells              Type           Power      Damage    Failure   Level
a - Corona                Hex            20%        N/A       2%          1
b - Slow                  Hex            18%        N/A       4%          2
c - Inner Flame           Hex/Fire       12%        N/A       19%         3
d - Call Imp              Summ           7%         N/A       21%         2

Your spell library contained the following spells:

 Spells                   Type           Power      Damage    Failure   Level
 Magic Dart               Conj           28%        1d4       14%         1
 Portal Projectile        Hex/Tloc       24%        N/A       19%         3
 Cause Fear               Hex            9%         N/A       26%         4
 Ignite Poison            Fire/Tmut/Pois 7%         N/A       38%         3
 Mephitic Cloud           Conj/Pois/Air  7%         N/A       38%         3
 Bolt of Magma            Conj/Fire/Erth 3%         4d5       98%         5


Dungeon Overview and Level Annotations

Branches:
Dungeon (4/15)
 Temple: D:4-7

Altars:
Fedhas
Makhleb
The Shining One
Beogh

Annotations:
D:4 Grinder


Innate Abilities, Weirdness & Mutations

You have very sharp teeth.
Your uncanny sense of smell can sniff out nearby items.
Your experience applies equally to all skills.


Message History

Grinder gestures at you.
You shrug off the repeated paralysis!
It was a potion of ambrosia.
You are confused.
You feel invigorated. Grinder gestures at you.
You resist with significant effort.
You bump into the rock wall.
Grinder hits you but does no damage.
You're too confused to cast spells.
Grinder hits you!
* * * LOW HITPOINT WARNING * * *
Found a potion of resistance.
Grinder gestures at you.
You suddenly lose the ability to move!
You feel less invigorated.
You feel less confused.
Grinder says, "Make like a tree!"
Grinder hits you. Grinder hits you.
You writhe in agony.
Grinder hits you!
* * * LOW HITPOINT WARNING * * *
You writhe in agony.
Grinder gestures at you.
You shrug off the repeated paralysis!
Grinder hits you.
* * * LOW HITPOINT WARNING * * *
You writhe in agony.
* * * LOW HITPOINT WARNING * * *
You can move again.
It was a potion of attraction.
You feel attractive to monsters. Grinder barely misses you.
It was a potion of haste.
You feel yourself speed up. Grinder hits you!
* * * LOW HITPOINT WARNING * * *
Grinder is pulled toward you!
There is a stone staircase leading down here.
Grinder gestures at you.
You suddenly lose the ability to move!
Grinder hits you!
You die...

##....####.......##
8.8..
####...##........#
8..#
###.##....###..#
#†##....# #..#
#....(..# #..#
#######...######..#
...!#.(........ #.#
$.....(.5...###.
...
........@....... ..
∆.............###
.(..(........#
.............#
.(...........#
....[.......##
....#.......
######...###.


You could see Grinder.

Vanquished Creatures
  A scorpion (D:3)
  3 jellies (D:3)
  Jessica (D:2)
  An iguana (D:3)
  A hound skeleton (D:2)
  2 gnolls (D:4)
  6 adders
  2 worms
  2 dart slugs (D:1)
  9 orcs
  7 bats
  12 endoplasms
  2 giant cockroaches (D:1)
  4 goblins
  12 hobgoblins
  6 quokkas
  9 ball pythons
  2 frilled lizards
  13 kobolds
  5 rats (D:1)
100 creatures vanquished.

Vanquished Creatures (others)
  9 fungi (D:3)
  4 toadstools (D:3)
13 creatures vanquished.

Grand Total: 113 creatures vanquished

Notes
Turn   | Place    | Note
-------+----------+-------------------------------------------
     0 | D:1      | unlimited1921 the Gnoll Arcane Marksman began the quest for
                  | the Orb.
     0 | D:1      | Reached XP level 1. HP: 17/17 MP: 4/4
    66 | D:1      | Reached XP level 2. HP: 23/23 MP: 5/5
   350 | D:1      | Reached XP level 3. HP: 28/28 MP: 7/7
   595 | D:1      | Reached skill level 1 in Invocations
   856 | D:2      | Reached skill level 1 in Short Blades
   856 | D:2      | Reached skill level 1 in Long Blades
   856 | D:2      | Reached skill level 1 in Axes
   856 | D:2      | Reached skill level 1 in Maces & Flails
   856 | D:2      | Reached skill level 1 in Polearms
   856 | D:2      | Reached skill level 1 in Staves
   856 | D:2      | Reached skill level 1 in Slings
   856 | D:2      | Reached skill level 1 in Bows
   856 | D:2      | Reached skill level 1 in Throwing
   856 | D:2      | Reached skill level 1 in Armour
   856 | D:2      | Reached skill level 1 in Stealth
   856 | D:2      | Reached skill level 1 in Shields
   856 | D:2      | Reached skill level 1 in Unarmed Combat
   856 | D:2      | Reached skill level 1 in Evocations
   893 | D:2      | Reached XP level 4. HP: 29/34 MP: 8/8
  1078 | D:2      | Noticed Jessica
  1085 | D:2      | Killed Jessica
  1086 | D:2      | Reached skill level 1 in Conjurations
  1086 | D:2      | Reached skill level 1 in Summonings
  1086 | D:2      | Reached skill level 1 in Necromancy
  1086 | D:2      | Reached skill level 1 in Translocations
  1086 | D:2      | Reached skill level 1 in Transmutations
  1086 | D:2      | Reached skill level 1 in Fire Magic
  1086 | D:2      | Reached skill level 1 in Ice Magic
  1086 | D:2      | Reached skill level 1 in Air Magic
  1086 | D:2      | Reached skill level 1 in Earth Magic
  1086 | D:2      | Reached skill level 1 in Poison Magic
  1748 | D:2      | Reached XP level 5. HP: 39/40 MP: 9/9
  2361 | D:2      | Found a faded altar of an unknown god.
  2625 | D:3      | Found a blossoming altar of Fedhas.
  3319 | D:3      | Reached XP level 6. HP: 28/47 MP: 10/10
  3841 | D:3      | Found a burning altar of Makhleb.
  4149 | D:3      | Reached skill level 5 in Crossbows
  4149 | D:3      | Reached skill level 5 in Dodging
  4824 | D:3      | Learned a level 2 spell: Slow
  4828 | D:3      | Learned a level 3 spell: Inner Flame
  4831 | D:3      | Learned a level 2 spell: Call Imp
  5744 | D:4      | Found a glowing golden altar of the Shining One.
  6154 | D:4      | Noticed Grinder
  6175 | D:4      | Paralysed by Grinder for 5 turns
  6178 | D:4      | HP: 1/47 [Grinder (3)]
  6184 | D:4      | Paralysed by Grinder for 7 turns
  6192 | D:4      | HP: 1/47 [Grinder (5)]
  6194 | D:4      | Paralysed by Grinder for 6 turns
  6195 | D:4      | Mangled by Grinder

Illustrated notes

Levels and vault maps discovered:
D:1:      scummos_arrival_hexagon, layout_basic
D:2:      layout_loops_ring, hellmonk_ecumenical_altar_defaced_shrine,
          kennysheep_jessica_study, uniq_jessica
D:3:      cheibrodos_fertilizer, layout_loops_ring, fedhas_ov_isle_minmay,
          lemuel_crystal_altar
D:4:      minmay_clustersquares, layout_rooms, nicolae_wu_jian_wuxing_cycle,
          tso_metal_star, uniq_grinder

Skill      XL: |  1  2  3  4  5  6 |
---------------+-------------------+-----
Invocations    | 1 2 |  2.3
Short Blades   | 1 2 |  2.1
Long Blades    | 1 2 |  2.1
Axes           | 1 2 |  2.1
Maces & Flails | 1 2 |  2.1
Polearms       | 1 2 |  2.1
Staves         | 1 2 |  2.1
Slings         | 1 2 |  2.1
Bows           | 1 2 |  2.1
Throwing       | 1 2 |  2.1
Armour         | 1 2 |  2.1
Stealth        | 1 2 |  2.1
Shields        | 1 2 |  2.1
Unarmed Combat | 1 2 |  2.1
Evocations     | 1 2 |  2.1
Spellcasting   | 3 |  3.5
Conjurations   | 1 |  1.7
Summonings     | 1 |  1.7
Necromancy     | 1 |  1.7
Translocations | 1 |  1.7
Transmutations | 1 |  1.7
Fire Magic     | 1 |  1.7
Ice Magic      | 1 |  1.7
Air Magic      | 1 |  1.7
Earth Magic    | 1 |  1.7
Poison Magic   | 1 |  1.7
Fighting       | 3 |  3.3
Crossbows      | 5 |  5.0
Dodging        | 5 |  5.0
Hexes          | |  5.7

Action                   |  1- 3 |  4- 6 || total
-------------------------+-------+-------++-------
Melee: Quarterstaff      |       |    71 ||    71
       Bite              |       |     4 ||     4
 Fire: Hand crossbow     |   106 |   121 ||   227
       Hunting sling     |       |    31 ||    31
Throw: Boomerang         |       |    19 ||    19
 Cast: Slow              |       |     1 ||     1
Evoke: Wand              |       |    10 ||    10
  Use: Potion            |       |     4 ||     4
Armor: Robe              |     3 |       ||     3
       Leather armour    |    15 |    29 ||    44
Dodge: Dodged            |    29 |   107 ||   136
